 Dungeon Crawl Stone Soup version 0.29.0-4-gdea44cf6ec (webtiles) character file.

Game seed: 17616130673535385451

4847 SnakkuSnakku7 the Basher (level 10, -5/64 HPs)
             Began as a Tengu Warper on Aug 27, 2022.
             Was a High Priest of Okawaru.
             Slain by a hornet (10 damage)
             ... on level 9 of the Dungeon.
             The game lasted 00:12:53 (8608 turns).

SnakkuSnakku7 the Basher (Tengu Warper)             Turns: 8608, Time: 00:12:54

Health: -5/64      AC: 12    Str: 16    XL:     10   Next: 49%
Magic:  17/17      EV:  8    Int: 14    God:    Okawaru [*****.]
Gold:   465        SH:  0    Dex: 19    Spells: 13/13 levels left

rFire   . . .      SeeInvis .   a - +4 flail (protect)
rCold   + . .      Faith    .   x - orb {light}
rNeg    + . .      Spirit   .   A - +2 chain mail {rC+}
rPois   .          Reflect  .   (helmet restricted)
rElec   .          Harm     .   D - +0 cloak
rCorr   .          Rampage  .   j - +0 pair of gloves
Will    .....                   (boots unavailable)
Stlth   ..........              (no amulet)
HPRegen 0.20/turn               f - ring of positive energy
MPRegen 0.15/turn               c - +6 ring of dexterity

@: lethally poisoned (-5 -> -24), flying quickly and evasively, hasted and
slowed, glowing, quick
A: beak, talons 3, nimble flight
a: Renounce Religion, Heroism, Finesse, Duel


You were on level 9 of the Dungeon.
You worshipped Okawaru.
Okawaru was extremely pleased with you.
You visited 1 branch of the dungeon, and saw 9 of its levels.

You collected 465 gold pieces.

Inventory:

Hand Weapons
 a - a +4 flail of protection (weapon)
 b - a +2 whip of venom
Missiles
 d - 7 boomerangs of dispersal (quivered)
 e - 2 boomerangs
 p - a throwing net
 E - 2 silver boomerangs
Armour
 j - a +0 pair of gloves (worn)
 x - an orb of light (worn)
 A - a +2 chain mail of cold resistance (worn)
 D - a +0 cloak (worn)
 G - a +0 kite shield
 I - the +2 shield of Resistance {rF++ rC++ Will++}
   (You took it off an orc on level 8 of the Dungeon)

   rF:        It greatly protects you from fire.
   rC:        It greatly protects you from cold.
   Will:      It greatly increases your willpower.
 M - a +0 plate armour
Jewellery
 c - a +6 ring of dexterity (right hand)
 f - a ring of positive energy (left hand)
 J - a ring of see invisible
Wands
 g - a wand of flame (11)
Scrolls
 i - 2 scrolls of immolation
 k - 2 scrolls of magic mapping {unknown}
 m - 2 scrolls of poison {unknown}
 n - 3 scrolls of enchant armour {unknown}
 q - 2 scrolls of teleportation
 r - 2 scrolls of fog {unknown}
 v - 2 scrolls of brand weapon {unknown}
 y - a scroll of acquirement {unknown}
 z - 2 scrolls of enchant weapon {unknown}
 F - a scroll of vulnerability {unknown}
 K - a scroll of identify
 L - a scroll of blinking
Potions
 h - 3 potions of attraction
 l - 2 potions of brilliance
 o - 3 potions of might
 t - 3 potions of berserk rage {unknown}
 u - a potion of mutation {unknown}
 B - 2 potions of haste
 C - a potion of degeneration {unknown}
 H - a potion of ambrosia {unknown}


   Skills:
 - Level 8.0 Fighting
 - Level 2.1 Long Blades
 - Level 10.2 Maces & Flails
 - Level 1.0 Throwing
 - Level 1.1 Armour
 - Level 2.1 Dodging
 + Level 2.0 Shields
 - Level 2.0 Spellcasting
 - Level 2.4 Translocations
 - Level 8.0 Invocations


You had 13 spell levels left.
You didn't know any spells.
Your spell library contained the following spells:

 Spells                   Type           Power      Damage    Failure   Level
 Blink                    Tloc           16%        N/A       95%         2
 Gell's Gravitas          Tloc           8%         N/A       99%         3
 Lesser Beckoning         Tloc           8%         N/A       99%         3
 Teleport Other           Tloc           8%         N/A       99%         3
 Confusing Touch          Hex            1%         N/A       100%        3
 Dazzling Flash           Conj/Hex       2%         N/A       100%        3
 Cause Fear               Hex            0%         N/A       100%        4
 Iskenderun's Mystic Bla  Conj/Tloc      4%         2d3       100%        4
 Iskenderun's Battlesphe  Conj           1%         2d6       100%        5
 Manifold Assault         Tloc           8%         N/A       100%        5
 Yara's Violent Unravell  Hex/Tmut       0%         3d3       100%        5
 Iron Shot                Conj/Erth      0%         9d1       100%        6
 Starburst                Conj/Fire      0%         6d3       100%        6
 Dragon Form              Tmut           0%         N/A       100%        7
 Enfeeble                 Hex            0%         N/A       100%        7
 Spellforged Servitor     Conj/Summ      Unusable   N/A       N/A         7
 Dragon's Call            Summ           Unusable   N/A       N/A         9

Dungeon Overview and Level Annotations

Branches:
Dungeon (9/15)             Temple (0/1) D:6
   Lair: D:8-11         Orc: D:9-12

Altars:
Dithmenos
Okawaru
Uskayaw
Wu Jian
Xom


Innate Abilities, Weirdness & Mutations

You have a beak for a mouth.
You have claws for feet.
Your magical nature lets you fly swiftly and evasively.


Message History

The hornet stings you.
You are poisoned.
You feel as though you will be slow longer.
The hornet attacks as you move away! The hornet stings you.
You feel as though you will be slow longer.
You feel very sick. The hornet stings you!
You are more poisoned.
You feel as though you will be slow longer.
* * * LOW HITPOINT WARNING * * *
You feel very sick. The hornet stings you!
* * * LOW HITPOINT WARNING * * *
You are more poisoned.
You feel as though you will be slow longer.
You are too injured to fight recklessly!
Unknown command.
You feel better. The hornet stings you.
* * * LOW HITPOINT WARNING * * *
You feel as though you will be slow longer.
The hornet stings you.
* * * LOW HITPOINT WARNING * * *
You are lethally poisoned!
You feel as though you will be slow longer.
You feel much better.
You feel very sick. The hornet stings you!
You are more poisoned.
You feel as though you will be slow longer.
The hornet stings you!
* * * LOW HITPOINT WARNING * * *
You are more poisoned.
You feel as though you will be slow longer.
Okay, then.
You feel yourself speed up.
* * * LOW HITPOINT WARNING * * *
You feel extremely sick.
The hornet stings you but does no damage.
The hornet barely misses you. The hornet stings you!
You die...

#.# ..# #.# #.# ..#.
#.. _..... #.#
.....# #.# .....# .#
# #@# .... ..#
####.#y####.####..#
.......D...........#
#.......$..........#
#.................).
...#########...##.#
.###..##(((##..# ##
#...##(#(#(#..## ..
+._.#.(.#(.#...#.#


You could see a hornet, a steam dragon and 6 dancing weapons.

Vanquished Creatures
  An unseen horror (D:7)
  Psyche (D:7)
  Sigmund (D:3)
  A wyvern (D:7)
  Menkaure (D:7)
  2 steam dragons (D:8)
  Edmund (D:6)
  Duvessa (D:4)
  A water moccasin (D:5)
  An ice beast (D:5)
  2 sky beasts
  7 orc warriors
  2 phantoms
  2 bullfrogs
  A kobold brigand (D:6)
  2 necrophages
  2 scorpions (D:5)
  A wight (D:8)
  Dowan (D:4)
  10 killer bees
  A howler monkey (D:5)
  5 jellies
  Crazy Yiuf (D:7)
  A hound (D:7)
  A gnoll bouda (D:5)
  6 orc priests
  Jessica (D:2)
  6 iguanas
  8 orc wizards
  11 gnolls
  10 adders
  A shadow imp (D:8)
  2 white imps
  2 ufetubi
  A worm (D:2)
  2 dart slugs
  50 orcs
  5 ball pythons
  16 endoplasms
  A giant cockroach (D:1)
  6 goblins
  6 hobgoblins
  7 jackals
  19 kobolds
  8 quokkas
  4 bats
  5 frilled lizards
  2 rats (D:1)
229 creatures vanquished.

Vanquished Creatures (others)
  28 fungi
  7 plants (D:9)
  7 toadstools (D:3)
42 creatures vanquished.

Grand Total: 271 creatures vanquished

Notes
Turn   | Place    | Note
-------+----------+-------------------------------------------
     0 | D:1      | SnakkuSnakku7 the Tengu Warper began the quest for the Orb.
     0 | D:1      | Reached XP level 1. HP: 12/12 MP: 4/4
    88 | D:1      | Reached skill level 1 in Maces & Flails
    90 | D:1      | Reached XP level 2. HP: 13/17 MP: 6/6
   299 | D:1      | Reached skill level 2 in Maces & Flails
   829 | D:2      | Reached XP level 3. HP: 21/21 MP: 7/7
   841 | D:2      | Reached skill level 3 in Maces & Flails
  1303 | D:2      | Found a faded altar of an unknown god.
  1306 | D:2      | Reached XP level 4. HP: 26/26 MP: 8/8
  1315 | D:2      | Reached skill level 4 in Maces & Flails
  1315 | D:2      | Noticed Jessica
  1322 | D:2      | Killed Jessica
  1335 | D:2      | Prayed at the altar of an unknown god.
  1335 | D:2      | Became a worshipper of Warmaster Okawaru
  1335 | D:2      | Reached * piety under Okawaru
  1608 | D:3      | Noticed Sigmund
  1619 | D:3      | Killed Sigmund
  1619 | D:3      | Reached ** piety under Okawaru
  1620 | D:3      | Reached skill level 6 in Maces & Flails
  1620 | D:3      | Gained mutation: Your magical nature lets you fly swiftly
                  | and evasively. [Tengu growth]
  1620 | D:3      | Reached XP level 5. HP: 9/30 MP: 9/9
  1620 | D:3      | Reached XP level 6. HP: 10/35 MP: 10/10
  2222 | D:3      | Reached skill level 7 in Maces & Flails
  2599 | D:4      | Noticed Duvessa
  2620 | D:4      | Killed Duvessa
  2621 | D:4      | Reached XP level 7. HP: 28/40 MP: 11/11
  2818 | D:4      | Reached skill level 8 in Maces & Flails
  3183 | D:4      | Noticed Dowan
  3190 | D:4      | Killed Dowan
  3190 | D:4      | Reached *** piety under Okawaru
  3378 | D:5      | Entered Level 5 of the Dungeon
  3406 | D:5      | Reached skill level 9 in Maces & Flails
  3423 | D:5      | Found a shadowy altar of Dithmenos.
  3429 | D:5      | Found an ornate altar of the Wu Jian Council.
  3528 | D:5      | Reached XP level 8. HP: 43/44 MP: 12/12
  3945 | D:5      | Reached skill level 10 in Maces & Flails
  4066 | D:5      | Found a runed translucent door.
  4296 | D:5      | Reached **** piety under Okawaru
  4422 | D:5      | Reached skill level 5 in Fighting
  4468 | D:5      | Reached XP level 9. HP: 26/55 MP: 13/13
  4795 | D:6      | Found a staircase to the Ecumenical Temple.
  5204 | D:6      | Noticed Edmund
  5216 | D:6      | Killed Edmund
  5634 | D:6      | Reached skill level 1 in Invocations
  6096 | D:7      | Noticed an unseen horror
  6111 | D:7      | Killed an unseen horror
  6111 | D:7      | Reached ***** piety under Okawaru
  6344 | D:7      | Noticed Menkaure
  6350 | D:7      | Killed Menkaure
  6351 | D:7      | Reached skill level 5 in Invocations
  6558 | D:7      | Reached XP level 10. HP: 59/64 MP: 15/15
  6903 | D:7      | Found a runed translucent door.
  6904 | D:7      | Noticed Crazy Yiuf
  7177 | D:7      | Killed Crazy Yiuf
  7239 | D:8      | Noticed Psyche
  7249 | D:7      | Killed Psyche
  8184 | D:8      | Reached skill level 1 in Shields
  8395 | D:8      | Identified the +2 pair of gloves of Weept {Rampage rN+}
  8574 | D:9      | Noticed a +0 dagger
  8575 | D:9      | Noticed a +0 falchion
  8575 | D:9      | Noticed a +0 dagger
  8575 | D:9      | Noticed a +0 spear
  8578 | D:9      | Noticed a +0 falchion
  8581 | D:9      | Noticed a +0 spear
  8583 | D:9      | Noticed a +0 short sword
  8583 | D:9      | Noticed a +0 short sword
  8585 | D:9      | Found a hide-covered altar of Uskayaw.
  8598 | D:9      | Found a shimmering altar of Xom.
  8608 | D:9      | Slain by a hornet

Illustrated notes

Levels and vault maps discovered:
D:1:      minmay_arrival_glassed_features, layout_loops_ring
D:2:      layout_rooms, hellmonk_ecumenical_altar_arch_garden,
          lightli_corner_chamber, uniq_jessica
D:3:      cheibrodos_fertilizer, layout_basic, hangedman_decor_points,
          uniq_sigmund
D:4:      layout_basic, minmay_curled_crystal, uniq_duvessa
D:5:      layout_loops_ring, gammafunk_temple_overflow_pools, serial_aquarium,
          aquarium_bridge_long_separate [aquarium_subvault_bridge,
          aquarium_subvault_window, aquarium_subvault_wall,
          aquarium_subvault_bridge, aquarium_subvault_bridge,
          aquarium_subvault_wall], aquarium_window_corner, aquarium_window_fake,
          aquarium_window_corridor_2, aquarium_window_corner, aquarium_view_4,
          aquarium_pool_2, lightli_church_of_beogh
D:6:      layout_loops_ring, minmay_temple_entry_from_below_a, uniq_edmund
D:7:      layout_loops_cross, minmay_misc_feat_five, grunt_decor_clamped,
          uniq_crazy_yiuf_cottage, uniq_menkaure
D:8:      layout_rooms, minmay_checkerbox, uniq_psyche
D:9:      layout_loops_ring, nicolae_uskayaw_en_pointe, old_standard_altar,
          minmay_lair_entry_grove, enter_bailey_2

Skill      XL: |  1  2  3  4  5  6  7  8  9 10 |
---------------+-------------------------------+-----
Maces & Flails | 1 2 3 6 7 9 10 | 10.2
Fighting       | 6 8 |  8.0
Invocations    | 5 8 |  8.0
Shields        | 2 |  2.0
Long Blades    | |  2.1
Throwing       | |  1.0
Armour         | |  1.1
Dodging        | |  2.1
Spellcasting   | |  2.0
Translocations | |  2.4

Action                   |  1- 3 |  4- 6 |  7- 9 | 10-12 || total
-------------------------+-------+-------+-------+-------++-------
Melee: Whip              |    69 |    93 |   262 |       ||   424
       Kick              |    21 |    30 |   136 |    37 ||   224
       Punch             |     1 |       |       |       ||     1
       Peck              |    10 |    24 |    69 |    26 ||   129
       Flail             |       |       |    52 |   112 ||   164
Evoke: Wand              |       |       |     5 |       ||     5
  Use: Scroll            |       |     3 |     6 |       ||     9
       Potion            |       |       |       |     3 ||     3
 Stab: Invisible         |       |       |     2 |       ||     2
Armor: Leather armour    |     4 |       |       |       ||     4
       Ring mail         |    17 |     6 |       |       ||    23
       Scale mail        |       |    17 |       |       ||    17
       Chain mail        |       |       |   123 |    64 ||   187
Dodge: Dodged            |    35 |    40 |    56 |    34 ||   165
